 Dungeon Crawl Stone Soup version 0.30-a0-561-g1b0378597e (webtiles) character file.

Game seed: 17220041658501688418

72 EnegeticOcto the Trooper (level 4, 0/33 HPs)
             Began as a Djinni Brigand on Dec 28, 2022.
             Slain by a gnoll
             ... wielding a +0 flail
              (3 damage)
             ... on level 2 of the Dungeon.
             The game lasted 00:05:12 (1265 turns).

EnegeticOcto the Trooper (Djinni Brigand)           Turns: 1265, Time: 00:05:12

Health: 0/33       AC:  3    Str:  9    XL:     4   Next: 50%
Gold:   36         EV: 12    Int: 18    God:
                   SH:  0    Dex: 14

rFire   + + +      SeeInvis .    a - +0 sling
rCold   . . .      Faith    .    (no shield)
rNeg    . . .      Spirit   .    g - +0 robe
rPois   ∞          Reflect  .    (no helmet)
rElec   +          Harm     .    c - +0 cloak
rCorr   +          Rampage  .    (no gloves)
Will    .....                    (boots unavailable)
Stlth   ++                       (no amulet)
HPRegen 0.25/turn                j - ring of resist corrosion
MPRegen 0.00/turn                (no ring)

@: mighty, resistant, flying, very slightly contaminated
A: sickness immunity, fire resistance 2, cold vulnerability 1, float, innate
caster, HP casting, extra vitality 1, clever 1, frail 1
a: no special abilities


You were on level 2 of the Dungeon.
You visited 1 branch of the dungeon, and saw 2 of its levels.

You collected 36 gold pieces.

Inventory:

Hand Weapons
 a - a +0 sling (weapon)
   (You found it on level 2 of the Dungeon)
 b - a +0 dagger of speed
   (You found it on level 1 of the Dungeon)
 p - a +2 dagger
 s - a +0 hand axe of flaming
   (You found it on level 2 of the Dungeon)
Missiles
 d - 8 poisoned darts
 e - 3 curare-tipped darts
Armour
 c - a +0 cloak (worn)
 g - a +0 robe (worn)
 l - a scarf of invisibility
   (You found it on level 1 of the Dungeon)
Jewellery
 j - a ring of resist corrosion (left hand)
   (You found it on level 2 of the Dungeon)
Scrolls
 f - a scroll of fog {!r}
 r - a scroll of magic mapping {unknown}
Potions
 h - a potion of brilliance
 k - a potion of cancellation
 o - a potion of curing {unknown}
 q - a potion of lignification {unknown}


   Skills:
 - Level 4.0 Fighting
 - Level 1.7 Short Blades
 - Level 1.5 Throwing
 - Level 1.1 Dodging
 - Level 3.2 Stealth
 + Level 1.1 Spellcasting


You had 4 spell levels left.
You knew the following spells:

 Your Spells              Type           Power      Damage    Failure   Level
a - Necrotise             Necr           20%        1d5       12%         1
Your spell library was empty.

Dungeon Overview and Level Annotations

Branches:
Dungeon (2/15) Zot: 10762

Altars:


Innate Abilities, Weirdness & Mutations

You are immune to sickness and miasma.
You are immune to poison.
Your flesh is very heat resistant. (rF++)
You are vulnerable to cold. (rC-)
You float through the air rather than walking.
You learn spells naturally, not from books.
Your magical power is your life essence.
You have superior vitality. (+4 MHP)
Your mind is acute. (Int +4, Str/Dex -1)
You are frail. (-10% HP)


Message History

Press: ? - help, Shift-Dir - straight line, f/p - gnoll
Aim: a gnoll, wielding a +0 flail (heavily wounded, chance to affect: 52%)
You miscast Necrotise.
You are very lightly contaminated with residual magic.
Nothing appears to happen.
The gnoll barely misses you.
Casting: Necrotise (safe; 16% risk of failure)
Confirm with . or Enter, or press ? or * to list all spells.
Aiming: Necrotise (safe; 16% risk of failure)
Press: ? - help, Shift-Dir - straight line, f/p - gnoll
Aim: a gnoll, wielding a +0 flail (heavily wounded, chance to affect: 52%)
The gnoll resists with significant effort.
The gnoll hits you with a +0 flail.
Casting: Necrotise (safe; 16% risk of failure)
Confirm with . or Enter, or press ? or * to list all spells.
Aiming: Necrotise (safe; 16% risk of failure)
Press: ? - help, Shift-Dir - straight line, f/p - gnoll
Aim: a gnoll, wielding a +0 flail (heavily wounded, chance to affect: 52%)
The gnoll resists with significant effort.
The gnoll completely misses you.
Casting: Necrotise (safe; 16% risk of failure)
Confirm with . or Enter, or press ? or * to list all spells.
Aiming: Necrotise (safe; 16% risk of failure)
Press: ? - help, Shift-Dir - straight line, f/p - gnoll
Aim: a gnoll, wielding a +0 flail (heavily wounded, chance to affect: 52%)
The gnoll writhes in agony.
The gnoll closely misses you.
Casting: Necrotise (safe; 16% risk of failure)
Confirm with . or Enter, or press ? or * to list all spells.
Aiming: Necrotise (safe; 16% risk of failure)
Press: ? - help, Shift-Dir - straight line, f/p - gnoll
Aim: a gnoll, wielding a +0 flail (heavily wounded, chance to affect: 52%)
You miscast Necrotise.
Nothing appears to happen.
The gnoll hits you with a +0 flail.
Casting: Necrotise (safe; 16% risk of failure)
Confirm with . or Enter, or press ? or * to list all spells.
Aiming: Necrotise (safe; 16% risk of failure)
Press: ? - help, Shift-Dir - straight line, f/p - gnoll
Aim: a gnoll, wielding a +0 flail (heavily wounded, chance to affect: 52%)
The gnoll resists with significant effort.
The gnoll barely misses you.
Casting: Necrotise (safe; 16% risk of failure)
Confirm with . or Enter, or press ? or * to list all spells.
Aiming: Necrotise (safe; 16% risk of failure)
Press: ? - help, Shift-Dir - straight line, f/p - gnoll
Aim: a gnoll, wielding a +0 flail (heavily wounded, chance to affect: 52%)
You miscast Necrotise.
Nothing appears to happen.
The gnoll barely misses you.
Casting: Necrotise (safe; 16% risk of failure)
Confirm with . or Enter, or press ? or * to list all spells.
Aiming: Necrotise (safe; 16% risk of failure)
Press: ? - help, Shift-Dir - straight line, f/p - gnoll
Aim: a gnoll, wielding a +0 flail (heavily wounded, chance to affect: 52%)
The gnoll writhes in agony.
The gnoll hits you with a +0 flail.
Casting: Necrotise (safe; 16% risk of failure)
Confirm with . or Enter, or press ? or * to list all spells.
Aiming: Necrotise (safe; 16% risk of failure)
Press: ? - help, Shift-Dir - straight line, f/p - gnoll
Aim: a gnoll, wielding a +0 flail (severely wounded, chance to affect: 52%)
The gnoll writhes in agony.
The gnoll barely misses you.
Casting: Necrotise (safe; 16% risk of failure)
Confirm with . or Enter, or press ? or * to list all spells.
Aiming: Necrotise (safe; 16% risk of failure)
Press: ? - help, Shift-Dir - straight line, f/p - gnoll
Aim: a gnoll, wielding a +0 flail (almost dead, chance to affect: 52%)
The gnoll resists with significant effort.
The gnoll hits you with a +0 flail!
Casting: Necrotise (safe; 16% risk of failure)
Confirm with . or Enter, or press ? or * to list all spells.
Aiming: Necrotise (safe; 16% risk of failure)
Press: ? - help, Shift-Dir - straight line, f/p - gnoll
Aim: a gnoll, wielding a +0 flail (almost dead, chance to affect: 52%)
The gnoll resists with significant effort.
The gnoll hits you with a +0 flail.
Casting: Necrotise (safe; 16% risk of failure)
Confirm with . or Enter, or press ? or * to list all spells.
Aiming: Necrotise (safe; 16% risk of failure)
Press: ? - help, Shift-Dir - straight line, f/p - gnoll
Aim: a gnoll, wielding a +0 flail (almost dead, chance to affect: 52%)
The gnoll resists with significant effort.
* * * LOW HITPOINT WARNING * * *
The gnoll misses you.
Casting: Necrotise (safe; 16% risk of failure)
Confirm with . or Enter, or press ? or * to list all spells.
Aiming: Necrotise (safe; 16% risk of failure)
Press: ? - help, Shift-Dir - straight line, f/p - gnoll
Aim: a gnoll, wielding a +0 flail (almost dead, chance to affect: 52%)
You miscast Necrotise.
Nothing appears to happen.
* * * LOW HITPOINT WARNING * * *
The gnoll hits you with a +0 flail!
* * * LOW HITPOINT WARNING * * *
It was a potion of might.
You feel very mighty all of a sudden. The gnoll barely misses you.
It was a potion of mutation.
You feel extremely strange.
You feel frail.
You feel clever. The gnoll misses you.
It was a potion of resistance.
You feel protected. The gnoll hits you with a +0 flail.
You die...

#######
##########.....##########
#.....)g@.<.....÷........
........########.....##########
......>.w #.....# ..........
#.....# ......$.... #.....#
######.#.... ####### .. .....
## ..g...


You could see a gnoll.

Vanquished Creatures
  3 gnolls (D:2)
  An adder (D:2)
  2 dart slugs
  4 ball pythons
  3 bats
  2 giant cockroaches (D:1)
  4 goblins (D:1)
  4 jackals (D:1)
  A kobold (D:1)
  3 quokkas
  2 frilled lizards
  3 rats (D:1)
32 creatures vanquished.

Vanquished Creatures (others)
  7 plants (D:2)
7 creatures vanquished.

Grand Total: 39 creatures vanquished

Notes
Turn   | Place    | Note
-------+----------+-------------------------------------------
     0 | D:1      | EnegeticOcto the Djinni Brigand began the quest for the
                  | Orb.
     0 | D:1      | Reached XP level 1. HP: 18/18 MP: 0/0
   172 | D:1      | Reached XP level 2. HP: 24/24 MP: 0/0
   392 | D:1      | Reached skill level 3 in Fighting
   620 | D:2      | Reached XP level 3. HP: 8/30 MP: 0/0
   620 | D:2      | Learned a level 1 spell: Necrotise
   912 | D:2      | Reached XP level 4. HP: 36/37 MP: 0/0
   984 | D:2      | Reached skill level 4 in Fighting
   984 | D:2      | Reached skill level 1 in Spellcasting
  1264 | D:2      | Gained mutation: You are frail. (-10% HP) [potion of
                  | mutation]
  1264 | D:2      | Gained mutation: Your mind is acute. (Int +4, Str/Dex -1)
                  | [potion of mutation]
  1265 | D:2      | Slain by a gnoll

Illustrated notes

Levels and vault maps discovered:
D:1:      co_arrival_two_rings, layout_basic
D:2:      layout_basic, shapermc_ecumenical_altar_mp_ritualfount

Skill      XL: |  1  2  3  4 |
---------------+-------------+-----
Fighting       | 3 4 |  4.0
Spellcasting   | 1 |  1.1
Short Blades   | |  1.7
Throwing       | |  1.5
Dodging        | |  1.1
Stealth        | |  3.2

Action                   |  1- 3 |  4- 6 || total
-------------------------+-------+-------++-------
Melee: Dagger            |    82 |       ||    82
       Hand axe          |     5 |     2 ||     7
       Punch             |     1 |       ||     1
 Fire: Sling             |     9 |    15 ||    24
Throw: Dart              |     4 |       ||     4
 Cast: Necrotise         |     3 |    13 ||    16
  Use: Potion            |     2 |     3 ||     5
       Scroll            |     2 |       ||     2
 Stab: Sleeping          |     5 |       ||     5
Armor: Robe              |    20 |     1 ||    21
Dodge: Dodged            |    28 |    14 ||    42

Table legend: (Time is in decaauts)
 A = Elapsed time spent in this place.
 B = Non-inter-level travel time spent in this place.
 C = Inter-level travel time spent in this place.
 D = Time resting spent in this place.
 E = Time spent auto-exploring this place.
 F = Levels seen in this place.
 G = Mean time per level.
                   A        B        C        D        E       F      G
               +--------+--------+--------+--------+--------+-----+--------+
         Total |   1236 |   1216 |     20 |    390 |    375 |   2 |  618.0 |
       Dungeon |   1236 |   1216 |     20 |    390 |    375 |   2 |  618.0 |
               +--------+--------+--------+--------+--------+-----+--------+

Top non-repeatable levels by time:
     D:1: 732 daAuts
     D:2: 504 daAuts
